 Dungeon Crawl Stone Soup version 0.24-a0-271-ga0fc33f (webtiles) character file.

Game seed: 5867431070605066094

32 Collin1234 the Chopper (level 3, 0/33 HPs)
             Began as a Hill Orc Berserker on Apr 23, 2019.
             Was a Believer of Trog.
             Slain by a hobgoblin (4 damage)
             ... on level 1 of the Dungeon.
             The game lasted 00:01:32 (1057 turns).

Collin1234 the Chopper (Hill Orc Berserker)         Turns: 1057, Time: 00:01:33

Health: 0/33       AC:  2    Str: 19    XL:     3   Next: 27%
Magic:  3/3        EV: 12    Int:  8    God:    Trog [**....]
Gold:   22         SH:  0    Dex: 10    Spells: 2/2 levels left

rFire    . . .     SeeInvis .   a - +0 hand axe
rCold    . . .     Gourm    .   (no shield)
rNeg     . . .     Faith    .   b - +0 animal skin
rPois    .         Spirit   .   (no helmet)
rElec    .         Reflect  .   (no cloak)
rCorr    .         Harm     .   (no gloves)
MR       .....                  (no boots)
Stlth    +.........             (no amulet)
HPRegen  0.11/turn              (no ring)
MPRegen  0.08/turn              (no ring)

@: no status effects
A: no striking features
a: Berserk, Trog's Hand, Renounce Religion


You were on level 1 of the Dungeon.
You worshipped Trog.
Trog was pleased with you.
You were not hungry.

You visited 1 branch of the dungeon, and saw 1 of its levels.

You collected 22 gold pieces.

Inventory:

Hand Weapons
 a - a +0 hand axe (weapon)
Armour
 b - a +0 animal skin (worn)
Scrolls
 e - 2 scrolls of enchant armour {unknown}
 f - a scroll of enchant weapon {unknown}
 i - 2 scrolls of remove curse {unknown}
 j - 3 scrolls of identify {unknown}
Potions
 d - a potion of mutation {unknown}
 g - a potion of resistance {unknown}
Comestibles
 c - a ration
 h - a chunk of flesh


   Skills:
 + Level 4.2 Fighting
 + Level 4.7 Axes
 + Level 2.4 Armour
 + Level 1.8 Dodging


You had 2 spell levels left.
You didn't know any spells.
Your spell library was empty.

Dungeon Overview and Level Annotations

Branches:
Dungeon (1/15)

Altars:


Message History

You hit the hobgoblin but do no damage.
The hobgoblin is heavily wounded.
You hit the hobgoblin. The hobgoblin barely misses you. The hobgoblin hits you.
You hit the hobgoblin but do no damage.
The hobgoblin is heavily wounded.
You hit the hobgoblin. The hobgoblin hits you.
The hobgoblin hits you but does no damage.
The hobgoblin hits you.
* * * LOW HITPOINT WARNING * * *
You closely miss the hobgoblin.
The hobgoblin is heavily wounded.
You slash the hobgoblin!
You kill the hobgoblin!
Trog accepts your kill. The hobgoblin hits you.
* * * LOW HITPOINT WARNING * * *
You barely miss the hobgoblin.
The hobgoblin is heavily wounded.
The hobgoblin hits you.
You die...

...... ....♣.♣.♣.♣..
...#
.............####...#
....♣.♣.♣.♣)........#
................#...#
................#...#
...........##...#...##
##...................#
..####..........@g...#
...##...#...##.......#
..........>.##.......#
....#................#
........#....(.......#
....##..#.##.........#
...##.....##.#.......#
....#..#[......♣♣P.♣##
......###......♣♣


You could see a hobgoblin.

Vanquished Creatures
  2 dart slugs (D:1)
  2 leopard geckos (D:1)
  3 giant cockroaches (D:1)
  A goblin (D:1)
  5 hobgoblins (D:1)
  3 jackals (D:1)
  A bat (D:1)
  2 frilled lizards (D:1)
  3 kobolds (D:1)
  3 rats (D:1)
25 creatures vanquished.

Notes
Turn   | Place    | Note
-------+----------+-------------------------------------------
     0 | D:1      | Collin1234 the Hill Orc Berserker began the quest for the
                  | Orb.
     0 | D:1      | Reached XP level 1. HP: 19/19 MP: 1/1
    55 | D:1      | Reached XP level 2. HP: 5/27 MP: 2/2
   882 | D:1      | Reached XP level 3. HP: 23/33 MP: 3/3
   913 | D:1      | Reached ** piety under Trog
  1057 | D:1      | Slain by a hobgoblin

Levels and vault maps discovered:
D:1:      shiori_arrival_maze, layout_rooms, serial_forest,
          infiniplex_forest_zigzag_1, infiniplex_forest_lined_3,
          infiniplex_forest_clump_tiny, infiniplex_forest_fountain,
          infiniplex_forest_corner_1, infiniplex_forest_lined_2,
          infiniplex_forest_clump_diagonal, infiniplex_forest_fountain,
          st_stairs_11

Skill      XL: |  1  2 |
---------------+-------+-----
Fighting       | 4 |  4.2
Axes           | |  4.7
Armour         | |  2.4
Dodging        | |  1.8

Action                   || total
-------------------------++-------
Melee: Hand axe          ||    94
Invok: Berserk           ||     1
  Eat: Chunk             ||     1
Armor: Animal skin       ||    18
Dodge: Dodged            ||    83

Table legend:
 A = Non-vault XP
 B = Vault XP
 C = Vault XP percentage of total XP
 D = Non-vault monster count
 E = Vault monster count
 F = Vault count percentage of total count
                 A         B        C        D         E       F
            +---------+---------+-------+---------+---------+-------
      Total |      38 |       9 |  19.1 |      20 |       5 |  20.0
            +---------+---------+-------+---------+---------+-------
        D:1 |      38 |       9 |  19.1 |      20 |       5 |  20.0
            +---------+---------+-------+---------+---------+-------
